 Dungeon Crawl Stone Soup version 0.28-a0-683-ga8797d1ae1 (webtiles) character file.

Game seed: 18220018250065585796

0 Zenkrye the Shield-Bearer (level 1, -1/18 HPs)
             Began as a Formicid Fighter on Oct 18, 2021.
             Slain by a kobold (3 damage)
             ... on level 1 of the Dungeon.
             The game lasted 00:00:20 (55 turns).

Zenkrye the Shield-Bearer (Formicid Fighter)          Turns: 55, Time: 00:00:20

Health: -1/18      AC:  6    Str: 20    XL:     1   Next: 11%
Magic:  1/1        EV:  9    Int:  7    God:
Gold:   0          SH:  4    Dex: 10    Spells: 0/0 levels left

rFire   . . .      SeeInvis +   a - +0 quarterstaff
rCold   . . .      Faith    .   c - +0 buckler
rNeg    . . .      Spirit   .   b - +0 scale mail
rPois   .          Reflect  .   (helmet unavailable)
rElec   .          Harm     .   (no cloak)
rCorr   .          Rampage  .   (no gloves)
Will    .....                   (no boots)
Stlth   ..........              (no amulet)
HPRegen 0.06/turn               (no ring)
MPRegen 0.07/turn               (no ring)

@: no status effects
A: permanent stasis, dig shafts and tunnels, antennae 3, four strong arms
a: Dig, Shaft Self


You were on level 1 of the Dungeon.
You visited 1 branch of the dungeon, and saw 1 of its levels.

Inventory:

Hand Weapons
 a - a +0 quarterstaff (weapon)
Armour
 b - a +0 scale mail (worn)
 c - a +0 buckler (worn)
Potions
 d - a potion of might {@q4}
 e - a potion of invisibility {unknown}


   Skills:
 - Level 3.2 Fighting
 + Level 2.0 Staves
 - Level 3.2 Armour
 - Level 3.6 Shields


You couldn't memorise any spells.
You didn't know any spells.
Your spell library was empty.

Dungeon Overview and Level Annotations

Branches:
Dungeon (1/15)

Altars:


Innate Abilities, Weirdness & Mutations

You cannot be hasted, slowed, berserked, paralysed or teleported.
You can dig through walls and to a lower floor.
You have a pair of large antennae on your head. (SInv)
Your four strong arms can wield two-handed weapons with a shield.


Message History

Welcome, Zenkrye the Formicid Fighter.
They say the Orb of Zot lies within this dungeon, but they say a lot of things.
Press ? for a list of commands and other information.
Found a staircase leading out of the dungeon.
You sense a monster nearby.
A rat comes into view.
Found a murky cyan potion.
You closely miss the rat. The rat barely misses you.
You hit the rat.
You kill the rat!
No target in view!
No target in view!
e - a murky cyan potion A goblin comes into view.
It is wielding a +0 club.
The goblin shouts!
A kobold comes into view. It is wielding a +0 short sword.
The kobold shouts!
The goblin hits you with a +0 club.
You closely miss the goblin. You block the goblin's attack.
You closely miss the goblin. The kobold hits you but does no damage.
The goblin hits you with a +0 club. You block the kobold's attack.
You closely miss the goblin. The goblin hits you with a +0 club.
The kobold hits you with a +0 short sword.
* * * LOW HITPOINT WARNING * * *
The goblin hits you with a +0 club.
* * * LOW HITPOINT WARNING * * *
You block the kobold's attack.
You hit the kobold.
The kobold is severely wounded.
The kobold barely misses you.
You barely miss the kobold.
The kobold is severely wounded.
You block the kobold's attack.
You closely miss the kobold.
The kobold is severely wounded.
You block the kobold's attack.
You hit the kobold but do no damage.
The kobold is severely wounded.
The kobold hits you with a +0 short sword.
You die...

###♣♣♣♣♣♣♣♣♣♣♣♣♣♣♣♣♣♣♣♣♣♣
...........♣♣...♣..♣♣...♣..
.....♣....♣..♣.♣...♣..♣♣..♣♣
..⌠...♣...♣...♣..♣..♣.♣..♣..
.....♣.......♣♣.♣♣..♣♣.♣♣♣♣
#....♣...♣...♣..♣..♣.♣...♣
#....♣...♣♣..♣...♣..♣♣♣.♣
###.....♣@.....♣..♣.♣.♣♣♣.
#.8....gK♣♣......♣♣.♣♣..♣♣
{+............♣...♣.♣♣ ♣...
{+......♣♣..♣..♣...♣ ♣♣♣
#.8.....♣...♣...♣. ♣
###...♣...♣.♣....
#..♣♣...♣♣♣.. ♣♣ #..♣ .♣..
♣.. .... . ... ..


You could see a goblin and a kobold.

Vanquished Creatures
  A rat (D:1)
1 creature vanquished.

Notes
Turn   | Place    | Note
-------+----------+-------------------------------------------
     0 | D:1      | Zenkrye the Formicid Fighter began the quest for the Orb.
     0 | D:1      | Reached XP level 1. HP: 18/18 MP: 1/1
    55 | D:1      | Slain by a kobold

Illustrated notes

Levels and vault maps discovered:
D:1:      erik_arrival_cave_to_civilisation [erik_arrival_cave_to_temple],
          layout_basic

Action                   || total
-------------------------++-------
Melee: Quarterstaff      ||     9
Armor: Scale mail        ||     1
Dodge: Dodged            ||     2
Block: Buckler           ||     5

Table legend: (Time is in decaauts)
 A = Elapsed time spent in this place.
 B = Non-inter-level travel time spent in this place.
 C = Inter-level travel time spent in this place.
 D = Time resting spent in this place.
 E = Time spent auto-exploring this place.
 F = Levels seen in this place.
 G = Mean time per level.
                   A        B        C        D        E       F      G
               +--------+--------+--------+--------+--------+-----+--------+
         Total |     56 |     56 |      0 |      0 |     35 |   1 |   56.0 |
       Dungeon |     56 |     56 |      0 |      0 |     35 |   1 |   56.0 |
               +--------+--------+--------+--------+--------+-----+--------+

Top non-repeatable levels by time:
     D:1: 56 daAuts
